Map: Abyssal Reef LE

Players

Musumeci - Winner!

  • Race: Zerg Zerg
  • League: Diamond
  • Spawn Location: 5:00

drainjab

  • Race: Terran Terran
  • League: Diamond
  • Spawn Location: 11:00

VOD

Have the link to the VOD?

Description

Time

  • Played on: March 15, 2017, 12:20 p.m.
  • Length: 12:50
Show
View Real Time Build Order
Export as new Build Order

Musumeci Zerg - Winner!

Build Orders: Hatch First 

Get SALT Encoding   

  12  0:01  Drone  
  13  0:08  Drone  
  13  0:12  Extractor  
  13  0:16  Drone  
  15  0:22  Overlord  
  15  0:41  Drone  
  16  0:56  Hatchery  
  15  1:07  Spawning Pool  
  14  1:12  Drone  
  14  1:16  Drone  
  16  1:22  Drone  
  16  1:24  Drone  
  18  1:33  Drone  
  19  1:48  Drone  
  19  1:53  Queen  
  22  2:00  Overlord  
  22  2:07  Queen  
  24  2:08  Drone  
  24  2:09  Drone  
  26  2:16  Drone  
  27  2:24  Drone  
  27  2:29  Queen, Extractor  
  30  2:37  Drone, Overlord  
  30  2:43  Queen  
  32  2:45  Extractor  
  32  2:50  Drone x3  
  35  2:56  Extractor  
  35  2:57  Drone  
  36  2:59  Drone  
  38  3:19  Drone  
  40  3:20  Drone x5  
  40  3:24  Overlord x2  
  44  3:46  Drone x4  
  48  3:52  Extractor  
  48  3:54  Extractor, Roach Warren  
  45  4:01  Hatchery  
  43  4:08  Evolution Chamber  
  42  4:12  Drone x6  
  42  4:13  Drone x2  
  50  4:31  Overlord x2  
  50  4:32  Extractor  
  49  4:53  Drone x3  
  49  4:56  Evolution Chamber  
  49  4:57  Roach  
  49  4:58  Roach x4  
  61  5:01  Lair  
  61  5:03  Extractor  
  60  5:09  Spore Crawler  
  60  5:10  Spore Crawler  
  60  5:11  Spore Crawler  
  57  5:14  Spore Crawler  
  57  5:15  Zerg Missile Weapons Level 1  
  56  5:30  Extractor  
  56  5:34  Extractor  
  54  5:39  Overlord x2  
  54  5:41  Roach x8  
  70  5:45  Drone x3  
  70  5:46  Drone  
  74  5:58  Drone  
  74  5:59  Drone x2  
  74  6:00  Drone x5  
  82  6:05  Zerg Ground Armor Level 1  
  82  6:09  Glial Reconstitution  
  82  6:37  Drone x4  
  82  6:38  Drone x2  
  88  6:55  Drone x2  
  88  6:57  Overlord x4  
  90  7:13  Overlord x3  
  90  7:18  Roach x9  
  90  7:22  Ravager x9  
  117  7:27  Drone  
  117  7:28  Drone x2  
  120  7:41  Ravager x2  
  104  8:06  Zerg Missile Weapons Level 2  
  104  8:07  Zerg Ground Armor Level 2  
  104  8:18  Drone x2  
  104  8:19  Drone x2  
  108  8:21  Drone x2  
  110  8:29  Drone x2  
  112  8:35  Extractor  
  112  8:36  Extractor  
  112  8:37  Hatchery  
  109  8:47  Roach x15  
  109  8:48  Roach x2  
  143  8:57  Drone x3  
  143  9:02  Overlord x3  
  146  9:14  Overlord x3  
  146  9:32  Drone  
  146  9:33  Drone x2  
  146  9:34  Drone x8  
  146  9:36  Ravager  
  146  9:37  Ravager x16  
  174  10:30  Roach  
  174  10:31  Roach x4  
  174  10:35  Ravager x8  
  180  10:47  Roach x17  
  180  10:48  Roach x10  
  189  11:01  Infestation Pit  
  188  11:19  Hatchery  
  188  11:22  Extractor, Ravager x5  
  188  11:23  Ravager x4  
  195  11:44  Extractor  
  195  11:45  Hatchery  
  187  11:48  Extractor  
  182  12:16  Roach  
  182  12:17  Roach x8  
Show
View Real Time Build Order
Export as new Build Order

drainjab Terran 

Build Orders: MMM Bio 

Get SALT Encoding   

  12  0:00  SCV  
  13  0:13  SCV  
  14  0:18  Supply Depot  
  14  0:25  SCV  
  15  0:40  SCV  
  16  0:45  Barracks  
  16  0:51  Refinery  
  16  0:52  SCV  
  17  1:04  SCV  
  18  1:16  SCV  
  19  1:30  SCV  
  20  1:37  Reaper  
  20  1:38  Command Center  
  21  1:44  Orbital Command  
  21  2:00  Barracks  
  21  2:15  Barracks Reactor  
  21  2:20  SCV, Supply Depot  
  22  2:32  SCV  
  23  2:38  Factory  
  23  2:39  Refinery  
  24  2:44  SCV  
  24  2:50  Barracks Tech Lab  
  24  2:51  Marine x2  
  25  2:56  SCV  
  27  3:08  SCV  
  27  3:11  Stimpack  
  28  3:17  Orbital Command  
  28  3:21  Bunker, SCV  
  29  3:34  Marine x2  
  29  3:35  Marine  
  29  3:41  Starport  
  32  3:51  SCV  
  32  3:52  Factory Reactor  
  32  4:04  SCV x2  
  32  4:06  Marine x3  
  37  4:16  SCV x2  
  39  4:20  Supply Depot  
  39  4:23  Marine  
  39  4:24  Marine  
  40  4:26  Marine  
  40  4:28  SCV x2  
  44  4:32  Supply Depot  
  44  4:40  SCV  
  44  4:41  Marine x2  
  44  4:44  Marine  
  44  4:45  SCV  
  49  4:48  Factory Tech Lab  
  49  4:52  SCV  
  50  4:54  Medivac x2, Supply Depot  
  50  4:55  Engineering Bay  
  50  4:57  SCV  
  50  4:59  Marine x2  
  57  5:01  Supply Depot  
  57  5:03  Marine  
  57  5:04  SCV  
  59  5:09  SCV  
  60  5:16  SCV  
  61  5:21  SCV  
  61  5:24  Terran Infantry Weapons Level 1  
  61  5:27  Engineering Bay  
  61  5:28  Medivac, Siege Tank  
  67  5:29  Marine x2  
  67  5:33  Refinery  
  69  5:40  SCV, Combat Shields, Supply Depot  
  69  5:42  SCV  
  71  5:45  Refinery, Marine  
  71  5:46  Marine  
  71  5:47  Marine  
  74  5:53  SCV  
  74  5:54  SCV  
  74  5:56  Barracks  
  76  6:05  SCV  
  76  6:06  SCV  
  76  6:07  Marine x3  
  76  6:10  Terran Infantry Armor Level 1  
  81  6:17  SCV  
  82  6:18  SCV  
  82  6:24  Marine  
  82  6:25  Marine x2  
  85  6:29  SCV  
  85  6:30  SCV  
  85  6:40  Supply Depot  
  85  6:41  SCV, Supply Depot  
  85  6:43  SCV, Marine x3, Siege Tank  
  94  6:49  Barracks Reactor  
  94  6:52  Barracks  
  93  6:55  Barracks  
  93  7:00  Marine  
  94  7:01  Marine  
  94  7:02  Marine  
  94  7:05  Supply Depot  
  94  7:06  Supply Depot  
  96  7:18  Marine  
  96  7:19  Marine x2  
  99  7:26  Supply Depot  
  99  7:27  Concussive Shells  
  99  7:29  Marine x2, Supply Depot  
  101  7:31  SCV x2  
  101  7:36  Marine  
  104  7:37  Marine x2  
  104  7:43  SCV x2  
  100  7:54  Marine  
  100  7:55  SCV, Marine  
  100  7:56  Marauder  
  100  7:57  Marine x3  
  100  8:01  Armory  
  100  8:05  Command Center  
  98  8:07  Bunker  
  98  8:11  Barracks Tech Lab  
  98  8:12  Marine  
  99  8:13  Marine  
  99  8:14  Marine  
  99  8:15  Marine x2  
  99  8:16  Marine  
  99  8:17  Medivac x2  
  108  8:23  SCV  
  108  8:24  SCV  
  110  8:29  Marine  
  110  8:31  Marine  
  110  8:32  Marine  
  110  8:33  Marine x2  
  115  8:35  Marauder  
  115  8:36  SCV x2  
  119  8:42  Marauder  
  119  8:44  Missile Turret  
  119  8:45  Siege Tank  
  119  8:47  Medivac  
  126  8:49  Supply Depot  
  126  8:53  Marine x2  
  128  8:56  Marauder  
  128  9:01  Supply Depot  
  130  9:04  Terran Infantry Weapons Level 2  
  130  9:07  Terran Infantry Armor Level 2  
  130  9:12  Marine x2  
  130  9:13  Marine  
  133  9:17  Marauder  
  133  9:18  Orbital Command  
  135  9:24  Medivac  
  135  9:25  Marine, Medivac  
  135  9:30  Barracks Tech Lab  
  140  9:34  Marine x4  
  144  9:39  Marauder  
  144  9:43  Marine  
  147  9:48  SCV x2, Supply Depot  
  147  9:52  Marine x3  
  152  9:53  Marauder  
  152  9:56  SCV  
  152  9:58  Marauder  
  157  10:00  Marauder, SCV x2  
  157  10:01  Marine  
  162  10:10  Marine x3  
  165  10:14  Marauder, SCV  
  165  10:18  Sensor Tower  
  165  10:19  Marauder, Marine  
  171  10:22  Marauder  
  171  10:27  Marine  
  171  10:28  Marine x2  
  176  10:31  SCV x2  
  176  10:35  Marine  
  179  10:36  Marine  
  179  10:40  Marauder  
  155  10:43  Marauder  
  155  10:45  Marine x3  
  123  10:53  Marauder  
  123  10:54  Marine  
  115  11:02  Marauder  
  115  11:03  Marine x3  
  120  11:04  Marauder, Command Center  
  122  11:12  Marine  
  122  11:14  Marine  
  124  11:21  Marine x3  
  124  11:22  Marine  
  124  11:25  Marine  
  128  11:30  Marine  
  128  11:32  Marine  
  131  11:39  Marine x3, Siege Tank  
  137  11:41  Marauder, SCV  
  137  11:44  Marauder  
  122  11:48  Marine  
  122  11:50  Marauder  
  122  11:53  SCV  
  123  11:57  Marine x3  
  122  12:02  Marauder  
  122  12:04  Marine  
  122  12:05  SCV, Marine  
  125  12:11  Marine  
  125  12:14  Marine x2  
  125  12:15  Marine  
  129  12:22  Marine  
  129  12:23  Marine x2  
  129  12:29  Marine  
  130  12:32  Marine x2  
Tags
 
Composition
MMM Bio
Matchup
TvZ
Replay Pack
replay pack
Spawn Locations
Cross Positions
Add a new tag
Caveats
  • Supply blocks, unpowered buildings, or Contaminate may cause inaccurate times.
  • Supply counts are checked every 10 seconds.